 Dungeon Crawl Stone Soup version 0.28.0-53-g5a82cb258f (webtiles) character file.

Game seed: 9944212372092563153

4481 Gabide the Martial Artist (level 10, -4/55 HPs)
             Began as a Vine Stalker Monk on June 7, 2022.
             Was a High Priest of Sif Muna.
             Slain by a komodo dragon (20 damage)
             ... on level 8 of the Dungeon.
             The game lasted 00:19:17 (7989 turns).

Gabide the Martial Artist (Vine Stalker Monk)       Turns: 7989, Time: 00:19:17

Health: -4/55      AC: 16    Str: 15    XL:     10   Next: 38%
Magic:  0/11       EV: 13    Int: 10    God:    Sif Muna [*****.]
Gold:   113        SH:  0    Dex: 20    Spells: 9/9 levels left

rFire   . . .      SeeInvis .     - Unarmed
rCold   . . .      Faith    .   (no shield)
rNeg    . . .      Spirit   +   A - +3 scale mail
rPois   .          Reflect  .   s - +0 helmet
rElec   .          Harm     .   n - +2 cloak {rCorr}
rCorr   +          Rampage  .   G - +0 pair of gloves
Will    +....                   (no boots)
Stlth   +.........              (no amulet)
HPRegen 0.98/turn               w - ring of resist corrosion
MPRegen 0.12/turn               (no ring)

@: no status effects
A: fangs 3, regeneration 1, magic shield, antimagic bite, no potion heal 2
a: Renounce Religion, Channel Magic, Forget Spell, Divine Exegesis


You were on level 8 of the Dungeon.
You worshipped Sif Muna.
Sif Muna was extremely pleased with you.
You visited 2 branches of the dungeon, and saw 9 of its levels.
You also visited: Ossuary.

You collected 369 gold pieces.
You spent 256 gold pieces at shops.

Inventory:

Missiles
 b - 14 poisoned darts
 l - 5 javelins
 C - 2 curare-tipped darts
Armour
 n - a +2 cloak of preservation (worn)
 s - a +0 helmet (worn)
 A - a +3 scale mail (worn)
 D - an orb of mayhem
 G - a +0 pair of gloves (worn)
Jewellery
 w - a ring of resist corrosion (left hand)
Wands
 t - a wand of mindburst (4) (quivered)
 x - a wand of iceblast (7)
 z - a wand of flame (22)
Scrolls
 a - a scroll of noise {unknown}
 e - a scroll of magic mapping
 f - a scroll of silence {unknown}
 g - a scroll of fog {unknown}
 h - a scroll of summoning {unknown}
 j - 3 scrolls of teleportation
 k - a scroll of enchant armour {unknown}
 m - 2 scrolls of amnesia
 o - a scroll of immolation
 q - a scroll of fear
 y - a scroll of vulnerability {unknown}
 B - a scroll of torment {unknown}
Potions
 c - 10 potions of curing
 d - a potion of cancellation
 i - a potion of experience {unknown}
 r - 3 potions of flight
 u - a potion of berserk rage {unknown}
 v - a potion of invisibility {unknown}
 E - 2 potions of lignification
 F - a potion of ambrosia {unknown}


   Skills:
 + Level 7.4 Fighting
 - Level 6.0 Armour
 + Level 6.7 Dodging
 - Level 2.4 Stealth
 + Level 8.1 Unarmed Combat


You had 9 spell levels left.
You didn't know any spells.
Your spell library contained the following spells:

 Spells                   Type           Power      Damage    Failure   Level
 Animate Skeleton         Necr           0%         N/A       78%         1
 Apportation              Tloc           0%         N/A       78%         1
 Freeze                   Ice            0%         1d3       78%         1
 Shock                    Conj/Air       0%         1d3       78%         1
 Summon Small Mammal      Summ           0%         N/A       78%         1
 Sublimation of Blood     Necr           0%         N/A       89%         2
 Dazzling Flash           Conj/Hex       0%         N/A       98%         3
 Petrify                  Tmut/Erth      0%         N/A       100%        4
 Agony                    Necr           0%         N/A       100%        5
 Alistair's Intoxication  Tmut/Pois      0%         N/A       100%        5
 Irradiate                Conj/Tmut      0%         3d13      100%        5
 Silence                  Hex/Air        0%         N/A       100%        5


Dungeon Overview and Level Annotations

Branches:
Dungeon (8/15)             Temple (1/1) D:5         Ossuary (visited)
   Lair: D:8-11

Altars:
Ashenzari
Dithmenos
Elyvilon
Fedhas
Gozag
Hepliaklqana
Kikubaaqudgha
Makhleb
Nemelex Xobeh
Okawaru
Qazlal
Sif Muna
Uskayaw
Vehumet
Wu Jian
Xom
Yredelemnul
Zin
The Shining One

Shops:
D:1 [=   D:2 (


Innate Abilities, Weirdness & Mutations

You have razor-sharp teeth.
Your natural rate of healing is unusually fast.
When hurt, damage is shared between your health and your magic reserves.
Your bite disrupts and absorbs the magic of your enemies.
Potions cannot restore your health.


Message History

Maurice is heavily wounded.
The bullfrog barely misses you.
The komodo dragon completely misses you.
Maurice zaps a wand.
The puff of flame misses you.
You closely miss Maurice. You bite Maurice, but do no damage.
Maurice is heavily wounded.
The bullfrog barely misses you.
The komodo dragon bites you but does no damage.
Maurice completely misses you. The bullfrog completely misses you.
Aiming: Mindburst
Press: ? - help, Q - select action, (/) - cycle Shift-Dir - straight line, f - Maurice
Aim: Maurice, wielding a +0 short sword, wearing a +2 cloak of preservation, quivering stones and carrying a wand of flame (8) (heavily wounded, covering ground quickly, magic disrupted, chance to affect: 64%) Maurice struggles to resist.
The bullfrog barely misses you. The komodo dragon misses you.
Maurice barely misses you.
Aiming: Mindburst
Press: ? - help, Q - select action, (/) - cycle Shift-Dir - straight line, f/p - Maurice
Aim: Maurice, wielding a +0 short sword, wearing a +2 cloak of preservation, quivering stones and carrying a wand of flame (8) (heavily wounded, covering ground quickly, magic disrupted, chance to affect: 64%) Maurice's mind is blasted!
The bullfrog hits you but does no damage.
The komodo dragon bites you but does no damage.
Maurice falters for a moment.
The bullfrog closely misses you.
Aiming: Mindburst
Press: ? - help, Q - select action, (/) - cycle Shift-Dir - straight line, f/p - Maurice
Aim: Maurice, wielding a +0 short sword, wearing a +2 cloak of preservation, quivering stones and carrying a wand of flame (8) (almost dead, covering ground quickly, magic disrupted, chance to affect: 64%) Maurice struggles to resist.
The bullfrog hits you but does no damage.
The komodo dragon bites you! Maurice hits you with a +0 short sword!
Maurice steals your ruby potion!
You miss Maurice.
Maurice is almost dead.
The bullfrog hits you but does no damage.
The komodo dragon bites you!!
* * * LOW HITPOINT WARNING * * *
Maurice hits you but does no damage.
You punch Maurice!
You kill Maurice!
Sif Muna accepts your kill. The bullfrog barely misses you.
The komodo dragon bites you!!
You die...

..######.... ...........
.P........# P.........#
PPP.......# ..P......!#
.# .P.P..†)..# .##+##
P.....F@..#######.....#P
P..P..l................≈
...........(..........♣
.PP..................♣
..P..................♣
...######...........>♣
..# ########.....♣≈≈ PP
#.......≈≈P #.#.####♣≈≈


You could see a komodo dragon and a bullfrog.

Vanquished Creatures
  Pikel (D:5)
  Maurice (D:8)
  A wraith (D:6)
  Sigmund (D:5)
  4 yaks (D:8)
  Menkaure (Ossuary)
  Edmund (D:4)
  A black bear (D:8)
  A water moccasin (D:7)
  A hornet zombie (D:4)
  2 centaurs (D:6)
  2 ogres
  4 necrophages
  4 bullfrogs
  A gnoll sergeant (D:7)
  A scorpion (D:5)
  A water moccasin zombie (D:5)
  3 jellies (D:6)
  5 killer bees (D:7)
  8 wights
  4 electric eels
  3 bullfrog zombies
  A centaur zombie (D:5)
  2 centaur skeletons
  2 orc priests
  Crazy Yiuf (D:2)
  A bullfrog skeleton (D:7)
  A hound (D:5)
  An orc wizard (D:6)
  2 iguanas
  A hound zombie (D:5)
  3 hound skeletons (D:4)
  3 mummies (Ossuary)
  6 adders
  3 gnolls (D:7)
  A howler monkey skeleton (D:7)
  2 ufetubi
  An adder zombie (D:2)
  3 adder skeletons (D:4)
  2 worms
  16 orcs
  8 ball pythons
  3 bats
  A bat zombie (D:2)
  8 endoplasms
  5 giant cockroaches
  5 gnoll zombies (Ossuary)
  2 goblins
  7 hobgoblins
  5 jackals
  3 quokkas
  A ball python skeleton (D:2)
  A ball python zombie (D:2)
  2 frilled lizards
  3 gnoll skeletons (Ossuary)
  2 goblin skeletons (Ossuary)
  6 goblin zombies (Ossuary)
  6 hobgoblin skeletons (Ossuary)
  4 hobgoblin zombies (Ossuary)
  8 kobolds
  7 kobold skeletons (Ossuary)
  2 kobold zombies (Ossuary)
  2 orc skeletons (Ossuary)
  An orc zombie (Ossuary)
  A quokka skeleton (D:2)
  3 rats
  5 rat skeletons (Ossuary)
  7 rat zombies (Ossuary)
211 creatures vanquished.

Vanquished Creatures (others)
  A gnoll (D:7)
  27 fungi
  45 plants (D:8)
73 creatures vanquished.

Grand Total: 284 creatures vanquished

Notes
Turn   | Place    | Note
-------+----------+-------------------------------------------
     0 | D:1      | Gabide the Vine Stalker Monk began the quest for the Orb.
     0 | D:1      | Reached XP level 1. HP: 11/11 MP: 2/2
    61 | D:1      | Found Cuyl's Jewellery Boutique.
   377 | D:1      | Reached XP level 2. HP: 12/16 MP: 1/3
   527 | D:1      | Found Fuwecaaza's Antique Armour Shop.
   884 | D:1      | Reached XP level 3. HP: 15/20 MP: 2/4
  1370 | D:2      | Found Saschuim's Antique Weapon Emporium.
  1629 | D:2      | Gained mutation: Your natural rate of healing is unusually
                  | fast. [Vine Stalker growth]
  1629 | D:2      | Reached XP level 4. HP: 24/24 MP: 3/5
  1847 | D:2      | Found a runed translucent door.
  1848 | D:2      | Noticed Crazy Yiuf
  1954 | D:2      | Killed Crazy Yiuf
  2115 | D:3      | Reached skill level 4 in Unarmed Combat
  2115 | D:3      | Reached XP level 5. HP: 25/29 MP: 6/6
  2179 | D:3      | Found a faded altar of an unknown god.
  2340 | D:3      | Found a glowing golden altar of the Shining One.
  3075 | D:4      | Noticed Edmund
  3188 | D:5      | Entered Level 5 of the Dungeon
  3253 | D:5      | Reached XP level 6. HP: 12/33 MP: 4/7
  3384 | D:5      | Found a sparkling altar of Nemelex Xobeh.
  3396 | D:5      | Found an opulent altar of Gozag.
  3396 | D:5      | Found a white marble altar of Elyvilon.
  3396 | D:5      | Found a hide-covered altar of Uskayaw.
  3399 | D:5      | Found a shadowy altar of Dithmenos.
  3428 | D:5      | Noticed Sigmund
  3507 | D:5      | Noticed Pikel
  3515 | D:5      | Found a staircase to the Ecumenical Temple.
  3654 | D:5      | Killed Pikel
  3655 | D:5      | Reached skill level 5 in Fighting
  3655 | D:5      | Reached skill level 5 in Unarmed Combat
  3655 | D:5      | Reached XP level 7. HP: 25/39 MP: 3/8
  3665 | Temple   | Entered the Ecumenical Temple
  3738 | Temple   | Became a worshipper of Sif Muna the Loreminder
  3738 | Temple   | Reached * piety under Sif Muna
  3738 | Temple   | Reached ** piety under Sif Muna
  4176 | D:5      | Gained mutation: You have razor-sharp teeth. [Vine Stalker
                  | growth]
  4176 | D:5      | Reached XP level 8. HP: 40/43 MP: 9/9
  4265 | D:5      | Reached skill level 5 in Dodging
  4265 | D:5      | Reached skill level 6 in Unarmed Combat
  4609 | D:1      | Bought an ichor-stained ring mail for 171 gold pieces
  4609 | D:1      | Identified the +0 ring mail of the Lily {Fly Str-4 Int+6
                  | Stlth+} (You bought it in a shop on level 1 of the Dungeon)
  4794 | D:4      | Identified the +0 leather armour "Kilygexo" {Str+3}
  4995 | D:4      | Killed Edmund
  5505 | D:5      | Killed Sigmund
  5557 | D:6      | Reached skill level 7 in Unarmed Combat
  5570 | D:6      | Reached XP level 9. HP: 41/49 MP: 8/10
  5591 | D:6      | Reached skill level 1 in Armour
  6064 | D:6      | Found an iron altar of Okawaru.
  6111 | D:6      | Reached *** piety under Sif Muna
  6355 | D:6      | Reached skill level 5 in Armour
  6580 | D:1      | Bought a pair of gloves for 85 gold pieces
  6736 | D:7      | Found a sand-covered staircase.
  6748 | Ossuary  | Entered an ossuary
  6848 | Ossuary  | Reached **** piety under Sif Muna
  7047 | Ossuary  | Noticed Menkaure
  7056 | Ossuary  | Killed Menkaure
  7154 | D:7      | Found an ancient bone altar of Kikubaaqudgha.
  7328 | D:7      | Reached XP level 10. HP: 53/53 MP: 11/11
  7399 | D:7      | Found a hazy altar of Hepliaklqana.
  7402 | D:7      | Reached ***** piety under Sif Muna
  7434 | D:7      | Found a radiant altar of Vehumet.
  7648 | D:7      | Received a gift from Sif Muna
  7666 | D:7      | Got Sif Muna's Thaumaturgy for Beginners {god gift}
  7957 | D:8      | Reached skill level 8 in Unarmed Combat
  7966 | D:8      | Noticed Maurice
  7989 | D:8      | Killed Maurice
  7989 | D:8      | Slain by a komodo dragon

Illustrated notes

Levels and vault maps discovered:
D:1:      ebering_trefoil_twist, layout_basic, serial_shops, nicolae_shop_stone,
          shop, hangedman_abyss_or_decor_lesser_grid
D:2:      layout_basic, serial_shops, shop, serial_undead, serial_undead_f,
          serial_undead_a, serial_undead_b, serial_undead_a,
          uniq_crazy_yiuf_cottage
D:3:      layout_loops_corners, tso_metal_star,
          ebering_ecumenical_altar_sacrificial
D:4:      layout_basic, grunt_decor_mini_mirrors, nrook_uturn,
          minmay_box_of_dots, uniq_edmund
D:5:      layout_loops_ring, minitemple, minmay_temple_entry_crystal_x,
          minmay_misc_feat_chi, minmay_misc_feat_plants,
          hangedman_minor_gate_pass, uniq_sigmund, uniq_pikel
D:6:      layout_gridville, mainiacjoe_overflow_tiny_flanked, sigmund_army
D:7:      layout_rooms, nicolae_overflow_squiral, kiku_gazebo_pond_becter,
          enter_ossuary_2
D:8:      layout_basic, old_standard_altar, due_lair_maze_entry_diamond,
          serial_bayou, serial_bayou_shore_a, serial_bayou_ford_a,
          serial_bayou_pond_b, serial_bayou_lake_a, uniq_maurice
Temple:   jpeg_temple_island

Skill      XL: |  1  2  3  4  5  6  7  8  9 10 |
---------------+-------------------------------+-----
Fighting       | 3 4 5 6 7 |  7.4
Dodging        | 3 4 5 6 |  6.7
Unarmed Combat | 4 5 7 8 |  8.1
Armour         | 6 |  6.0
Stealth        | |  2.4

Action                   |  1- 3 |  4- 6 |  7- 9 | 10-12 || total
-------------------------+-------+-------+-------+-------++-------
Melee: Unarmed           |   109 |   216 |   407 |   104 ||   836
       Bite              |    25 |    77 |   146 |    39 ||   287
       Punch             |     2 |    11 |    26 |     8 ||    47
Throw: Dart              |     4 |     6 |       |       ||    10
       Javelin           |       |     5 |       |       ||     5
Evoke: Wand              |       |       |    10 |    10 ||    20
  Use: Scroll            |       |     5 |     3 |     4 ||    12
       Potion            |       |     1 |       |       ||     1
 Stab: Sleeping          |     9 |     4 |     2 |       ||    15
Armor: Robe              |     5 |       |       |       ||     5
       Ring mail         |    53 |    57 |    32 |       ||   142
       Scale mail        |       |       |   138 |    56 ||   194
Dodge: Dodged            |   107 |    95 |   247 |    78 ||   527
